 Seeded DCSS version 0.30.0-10-gfe55d96785 (webtiles) character file.

Game seed: 8565588491189706736 (custom seed)

126 GigaChad the Shield-Bearer (level 5, -4/42 HPs)
             Began as a Formicid Fighter on May 14, 2023.
             Slain by an ogre
             ... wielding a +0 giant club
              (19 damage)
             ... on level 4 of the Dungeon.
             The game lasted 00:02:56 (2283 turns).

GigaChad the Shield-Bearer (Formicid Fighter)       Turns: 2283, Time: 00:02:57

Health: -4/42      AC:  7    Str: 23    XL:     5   Next: 32%
Magic:  5/5        EV:  9    Int:  7    God:
Gold:   53         SH: 10    Dex: 13    Spells: 4/4 levels left

rFire   . . .        a - +3 war axe
rCold   . . .        c - +0 buckler
rNeg    . . .        b - +0 scale mail
rPois   .            (helmet unavailable)
rElec   .            (no cloak)
rCorr   .            (no gloves)
SInv    +            (no boots)
Will    .....        e - amulet of reflection Stlth
                     (no ring)
HPRegen 0.27/turn    (no ring)
MPRegen 0.09/turn

%: reflection
@: no status effects
A: permanent stasis, dig shafts and tunnels, antennae 3, four strong arms
a: Dig, Shaft Self


You were on level 4 of the Dungeon.
You visited 1 branch of the dungeon, and saw 5 of its levels.

You collected 53 gold pieces.

Inventory:

Hand Weapons
 a - a +3 war axe (weapon)
Armour
 b - a +0 scale mail (worn)
 c - a +0 buckler (worn)
Jewellery
 e - an amulet of reflection (around neck)
Wands
 s - a wand of paralysis (9)
Scrolls
 f - 2 scrolls of teleportation
 h - 4 scrolls of blinking
 i - a scroll of vulnerability
 t - 2 scrolls of fear
 u - a scroll of noise
Potions
 d - 2 potions of might
 j - 2 potions of flight {unknown}
 l - a potion of haste {unknown}
 n - a potion of ambrosia {unknown}
 o - a potion of invisibility {unknown}
 q - 2 potions of lignification {unknown}
 r - 3 potions of curing {unknown}


   Skills:
 * Level 3.9 Fighting
 * Level 3.4 Axes
 * Level 4.1 Armour
 * Level 4.9 Shields


You had 4 spell levels left.
You didn't know any spells.
Your spell library contained the following spells:

 Spells                   Type           Power      Damage    Failure   Level
 Apportation              Tloc           0%         N/A       80%         1
 Alistair's Intoxication  Tmut/Pois      0%         N/A       100%        5


Dungeon Overview and Level Annotations

Branches:
Dungeon (5/15)
 Temple: D:4-7

Altars:
Yredelemnul


Innate Abilities, Weirdness & Mutations

You cannot be hasted, slowed, berserked, paralysed or teleported.
You can dig through walls and to a lower floor.
You have a pair of large antennae on your head. (SInv)
Your four strong arms can wield two-handed weapons with a shield.


Message History

You feel a strange sense of stasis.
It was a scroll of teleportation.
Okay, then.
Your giant cockroach waves its antennae.
There is a stone staircase leading down here.
You climb downwards.
Your summoned allies are left behind.
The giant cockroach barely misses you.
Found 5 stones, a leather armour and 12 gold pieces.
Found an escape hatch in the ceiling.
There is a stone staircase leading up here.
You can't go down here!
You can't go down here!
You can't go down here!
Unknown command.
Unknown command.
You slash the giant cockroach!
You kill the giant cockroach!
An adder comes into view.
You barely miss the ogre.
The adder hisses angrily.
You block the ogre's attack.
You slash the ogre!
The ogre is heavily wounded.
The ogre hits you with a +0 giant club!!
You slash the ogre!
The ogre is almost dead.
You barely miss the ogre.
The ogre is almost dead.
You closely miss the adder. You block the adder's attack.
The ogre hits you with a +0 giant club! The adder barely misses you.
You are too injured to fight recklessly!
Unknown command.
You are too injured to fight recklessly!
Unknown command.
You are too injured to fight recklessly!
Unknown command.
You hit the ogre.
The ogre is almost dead.
You closely miss the adder.
The ogre hits you with a +0 giant club!!
You die...

...........
.......... .
.......... ..
.........# ...
# .........#
..<. .# ..
.........#.....
.#....
........†......
.....#
.......@O......
..#..
..##...S....(..
# ##......##..
#.........
.............
..$#..[.......
#####..........
........... .


You could see an ogre and an adder.

Vanquished Creatures
  Terence (D:3)
  3 adders (D:2)
  A gnoll (D:1)
  4 dart slugs
  A worm (D:3)
  An orc (D:3)
  5 endoplasms
  5 giant cockroaches
  4 goblins
  4 hobgoblins
  8 kobolds
  2 quokkas
  4 ball pythons
  6 bats
  3 frilled lizards
  A spectral orc (D:3)
53 creatures vanquished.

Vanquished Creatures (others)
  A kobold (D:3)
1 creature vanquished.

Grand Total: 54 creatures vanquished

Notes
Turn   | Place    | Note
-------+----------+-------------------------------------------
     0 | D:1      | GigaChad the Formicid Fighter began the quest for the Orb.
     0 | D:1      | Reached XP level 1. HP: 18/18 MP: 1/1
    64 | D:1      | Reached XP level 2. HP: 21/24 MP: 2/2
   180 | D:1      | Reached XP level 3. HP: 28/29 MP: 3/3
  1128 | D:2      | Found a faded altar of an unknown god.
  1133 | D:2      | Reached XP level 4. HP: 29/37 MP: 4/4
  1671 | D:3      | You fall into a shaft and drop 2 floors!
  1671 | D:5      | Entered Level 5 of the Dungeon
  1781 | D:3      | Found a basalt altar of Yredelemnul.
  1951 | D:3      | Reached XP level 5. HP: 36/42 MP: 5/5
  2076 | D:3      | Noticed Terence
  2085 | D:3      | Killed Terence
  2277 | D:4      | Noticed an ogre
  2283 | D:4      | Slain by an ogre

Illustrated notes

Levels and vault maps discovered:
D:1:      heliophobic_arrival_enchanted_forest, layout_basic,
          nicolae_concentric_dashed_squares_mild
D:2:      layout_loops_ring, hellmonk_ecumenical_altar_leap_of_faith
D:3:      layout_basic, yredelemnul_forgotten_temple_becter, uniq_terence
D:4:      layout_cave_pools, temple_doors_e, uniq_sigmund
D:5:      layout_cave_pools, xom_butterflies, serial_shops, shop,
          eino_small_chamber_without_monster

Skill      XL: |  1  2  3  4 |
---------------+-------------+-----
Armour         | 4 |  4.1
Axes           | 3 |  3.4
Fighting       | |  3.9
Shields        | |  4.9

Action                     |  1- 3 |  4- 6 || total
---------------------------+-------+-------++-------
  Melee: War axe           |    86 |    81 ||   167
    Use: Scroll            |     1 |    10 ||    11
 Armour: Scale mail        |    41 |    29 ||    70
  Dodge: Dodged            |    28 |    17 ||    45
  Block: Buckler           |    48 |    45 ||    93
         Reflection        |       |     3 ||     3
